 Dungeon Crawl Stone Soup version 0.18.1-1-g2f07953 (webtiles) character file.

288 Eucla the Digger (level 6, 0/45 HPs)
             Began as a Ghoul Earth Elementalist on May 8, 2016.
             Slain by Pikel
             ... wielding a +2 whip of flaming
              (8 damage)
             ... on level 4 of the Dungeon.
             The game lasted 00:04:00 (2478 turns).

Eucla the Digger (Ghoul Earth Elementalist)         Turns: 2478, Time: 00:04:01

Health: 0/45       AC:  4    Str: 12    XL:     6   Next: 31%
Magic:  5/8        EV:  7    Int: 12    God:
Gold:   142        SH:  0    Dex:  9    Spells: 2 memorised, 5 levels left

rFire  + . .     SeeInvis .       - Unarmed
rCold  + . .     Gourm    .     m - +1 robe {rF+}
rNeg   + + +     Faith    .     (no shield)
rPois  ∞         Spirit   .     (no helmet)
rElec  .         Dismiss  .     (no cloak)
rCorr  .         Reflect  .     s - +0 pair of gloves
SustAt .         Harm     .     (no boots)
MR     .....                    (no amulet)
Stlth  ++........               (no ring)
                                d - ring of wizardry

@: rotting, not resistant to hostile enchantments, unstealthy
A: rotting body, claws 1, carnivore 3, cold resistance 1, negative energy
resistance 3, slow regeneration 1, torment resistance, unbreathing
a: no special abilities


You were on level 4 of the Dungeon.
You were not hungry.

You visited 1 branch of the dungeon, and saw 4 of its levels.

You collected 142 gold pieces.

Inventory:

Missiles
 b - 90 stones (quivered)
Armour
 a - a +0 robe
 m - a +1 robe of fire resistance (worn)
 s - a +0 pair of gloves (worn)
Jewellery
 d - a ring of wizardry (left hand)
 t - an uncursed ring of flight {unknown}
Scrolls
 e - 4 scrolls of immolation {unknown}
 f - 3 scrolls of identify {unknown}
 g - 2 scrolls of remove curse {unknown}
 n - a scroll of amnesia {unknown}
 o - 2 scrolls of recharging {unknown}
 q - 2 scrolls of fear {unknown}
Potions
 h - a potion of magic {unknown}
 j - a potion of cancellation {unknown}
 k - 2 potions of berserk rage {unknown}
 l - a potion of heal wounds {unknown}
 p - a potion of degeneration {unknown}
 r - a potion of resistance
Books
 c - a book of Geomancy

   Spells                             Type                      Level
   a - Sandblast                      Earth                        1
   b - Passwall                       Transmutation/Earth          2
   c - Stone Arrow                    Conjuration/Earth            3
   d - Petrify                        Transmutation/Earth          4
   e - Lee's Rapid Deconstruction     Earth                        5
Comestibles
 i - a slice of pizza


   Skills:
 - Level 1.7 Dodging
 - Level 2.1 Stealth
 * Level 4.5 Unarmed Combat
 - Level 2.3 Spellcasting
 + Level 1.6 Conjurations
   Level 0.8 Transmutations
 + Level 4.7 Earth Magic


You had 5 spell levels left.
You knew the following spells:

 Your Spells              Type           Power        Failure   Level  Hunger
a - Sandblast             Erth           ##....       1%          1    ##.....
b - Stone Arrow           Conj/Erth      #.....       10%         3    ####...


Dungeon Overview and Level Annotations

Branches:
Dungeon (4/15)
 Temple: D:4-7

Altars:
Fedhas
Qazlal

Shops:
D:4 !

Annotations:
D:4 Pikel


Innate Abilities, Weirdness & Mutations

Your body is rotting away.
You thrive on raw meat.
You are immune to poison.
You have sharp fingernails.
You are carnivorous and can eat meat at any time.
Your flesh is cold resistant.
You are immune to negative energy.
You regenerate slowly when monsters are visible.
You are immune to unholy pain and torment.
You can survive without breathing.


Message History

Pikel is lightly wounded.
Unknown command.
You hit Pikel.
Pikel is moderately wounded.
Pikel hits you with a whip of flaming.
* * * LOW HITPOINT WARNING * * *
Pikel burns you.
* * * LOW HITPOINT WARNING * * *
Unknown command.
Pikel hits you with a whip of flaming.
* * * LOW HITPOINT WARNING * * *
Pikel burns you.
* * * LOW HITPOINT WARNING * * *
Pikel says, "Slavery isn't that bad."
Pikel misses you.
There is an open door here.
You see here a ring mail.
There is a stone staircase leading up here.
Pikel hits you with a whip of flaming!
You die...

#.........######.#
#.#######
.........p.....#.#
#.#
######.........#p#
#[#
#.........#.####.#
#.........#p.....#
###.........#.######
#.........###p....#
#.######..###K#.#.#
#.# ##.#..@..#.# #.#
#.#.#)#.#.# ..#
#.#.#.#.#.# ###
#.#.).#...#
#.###.#####
#.....)...
##.##.####
..######..#.#
............#


You could see Pikel and 3 slaves.

Vanquished Creatures
  Grinder (D:3)
  5 adders
  2 dart slugs
  2 giant geckos
  3 orcs (D:4)
  2 giant cockroaches (D:1)
  4 goblins
  4 hobgoblins
  2 jackals (D:1)
  4 kobolds
  3 ball pythons (D:1)
  7 bats
  3 giant newts
  3 rats
45 creatures vanquished.

Notes
Turn   | Place    | Note
--------------------------------------------------------------
     0 | D:1      | Eucla the Ghoul Earth Elementalist began the quest for the Orb.
     0 | D:1      | Reached XP level 1. HP: 14/14 MP: 2/2
   163 | D:1      | Reached XP level 2. HP: 15/20 MP: 4/4
   218 | D:1      | Reached skill level 1 in Unarmed Combat
   814 | D:2      | Found a stormy altar of Qazlal.
   882 | D:2      | Reached XP level 3. HP: 26/26 MP: 5/5
  1674 | D:2      | Learned a level 3 spell: Stone Arrow
  1706 | D:3      | Reached XP level 4. HP: 26/26 MP: 6/6
  1861 | D:3      | Noticed Grinder
  1884 | D:3      | Killed Grinder
  1884 | D:3      | Reached skill level 1 in Conjurations
  1884 | D:3      | Reached XP level 5. HP: 17/38 MP: 1/7
  1884 | D:3      | Reached XP level 6. HP: 20/45 MP: 1/8
  2215 | D:3      | Found a blossoming altar of Fedhas.
  2385 | D:4      | Found Ecock's Distillery.
  2408 | D:4      | Noticed a slave
  2409 | D:4      | Noticed a slave
  2410 | D:4      | Noticed Pikel
  2410 | D:4      | Noticed a slave
  2430 | D:4      | Noticed a slave
  2478 | D:4      | Slain by Pikel

Skill      XL: |  1  2  3  4 |
---------------+-------------+-----
Spellcasting   | 2 |  2.3
Unarmed Combat | 1 2 4 |  4.5
Earth Magic    | 4 |  4.7
Conjurations   | 1 |  1.6
Dodging        | |  1.7
Stealth        | |  2.1
Transmutations | |  0.8

Action                   |  1- 3 |  4- 6 || total
-------------------------+-------+-------++-------
Melee: Unarmed           |   115 |    64 ||   179
       Punch             |       |     1 ||     1
 Cast: Sandblast         |       |    19 ||    19
  Use: Potion            |       |     3 ||     3
 Stab: Sleeping          |     6 |     2 ||     8
  Eat: Meat ration       |     1 |       ||     1
       Chunk             |       |    15 ||    15
Armor: Robe              |    33 |     7 ||    40
Dodge: Dodged            |    72 |    36 ||   108
